 Dungeon Crawl Stone Soup version 0.24-a0-123-ga2403f3 (console) character file.

Game seed: 13450308717696271092

973 Duffy the Chopper (level 8, 74/74 HPs)
             Began as a Naga Gladiator on Feb 22, 2019.
             Quit the game in the Ecumenical Temple.
             The game lasted 00:05:27 (5289 turns).

Duffy the Chopper (Naga Gladiator)                  Turns: 5289, Time: 00:05:28

Health: 74/74      AC: 10    Str: 17    XL:     8   Next: 16%
Magic:  8/8        EV: 10    Int: 11    God:
Gold:   214        SH:  0    Dex:  9    Spells: 7/7 levels left

rFire    + . .     SeeInvis +   s - +2 hand axe (pain)
rCold    . . .     Gourm    .   (no shield)
rNeg     . . .     Faith    .   t - +3 ring mail {rF+}
rPois    +         Spirit   .   c - +0 helmet
rElec    .         Reflect  .   (no cloak)
rCorr    .         Harm     .   r - +0 pair of gloves
MR       +....                  (no barding)
Stlth    ..........             (no amulet)
HPRegen  0.22/turn              u - -3 ring of dexterity (curse)
MPRegen  0.11/turn              (no ring)

@: very slow
A: large, see invisible, deformed body, poison resistance, slowness 2, slow
metabolism 1, spit poison 1, AC +2
a: Spit Poison


You were in the Ecumenical Temple.
You were near starving.

You visited 2 branches of the dungeon, and saw 8 of its levels.

You collected 214 gold pieces.

Inventory:

Hand Weapons
 a - a +0 war axe
 s - a +2 hand axe of pain (weapon)
Missiles
 d - 3 throwing nets (quivered)
Armour
 c - a +0 helmet (worn)
 r - a +0 pair of gloves (worn)
 t - a +3 ring mail of fire resistance (worn)
Jewellery
 u - a cursed -3 ring of dexterity (left hand)
Scrolls
 b - a scroll of identify {unknown}
 g - a scroll of fear {unknown}
 h - 4 scrolls of remove curse
 i - 3 scrolls of fog {unknown}
 j - 4 scrolls of enchant armour {unknown}
 m - a scroll of enchant weapon {unknown}
 p - 2 scrolls of teleportation {unknown}
 q - a scroll of magic mapping
Potions
 e - 3 potions of curing {unknown}
 k - a potion of heal wounds {unknown}
 l - a potion of lignification {unknown}
 n - a potion of invisibility {unknown}
 o - a potion of flight {unknown}
Comestibles
 f - 9 rations


   Skills:
 + Level 5.3 Fighting
 + Level 6.4 Axes
 - Level 1.7 Throwing
 + Level 4.8 Dodging


You had 7 spell levels left.
You didn't know any spells.
Your spell library was empty.

Dungeon Overview and Level Annotations

Branches:
Dungeon (7/15)             Temple (1/1) D:7

Altars:
Ashenzari
Cheibriados
Dithmenos
Elyvilon
Gozag
Hepliaklqana
Kikubaaqudgha
Makhleb
Okawaru
Ru
Sif Muna
Uskayaw
Vehumet
Xom
Yredelemnul
Zin


Innate Abilities, Weirdness & Mutations

You cannot wear boots.
Your serpentine skin is tough. (AC +2)
You have supernaturally acute eyesight. (SInv)
Armour fits poorly on your strangely shaped body.
Your system is resistant to poisons. (rPois)
You cover ground very slowly.
You have a slow metabolism.
You can spit poison.


Message History

Found a deep blue altar of Sif Muna.
The phantom hits you. The phantom misses you. The phantom hits you.
The phantom blinks!
Found a basalt altar of Yredelemnul and a sacrificial altar of Ru.
The phantom blinks!
Found a shadowy altar of Dithmenos.
Found a white marble altar of Elyvilon.
The phantom blinks!
The phantom blinks!
The phantom blinks!
Found a burning altar of Makhleb.
There is a burning altar of Makhleb here.
You are near starving!
The phantom hits you.
The phantom blinks!
The phantom closely misses you.
The phantom blinks!
A phantom is nearby!
Are you sure you want to abandon this character and quit the game? (Confirm with "yes".)

.#.........................#.
#....._............._.....#
#.........................#
#..._.........W......._...#
#.........................#
##.......................##
##.........................##
.##.........0.................#
.#...........@..<..............
.#..._....................._...
.#.............................
.#....._................._.....
.#.............................
.##...........................#
..##.........................##
.. #####.................#####
#.................#


You could see a phantom.

Vanquished Creatures
  Sigmund (D:2)
  A water moccasin (D:6)
  A phantom (D:5)
  A black bear (D:6)
  An ogre (D:6)
  A bullfrog (D:6)
  A scorpion (D:5)
  4 jellies
  An orc wizard (D:6)
  Terence (D:2)
  A hound zombie (D:6)
  A hound skeleton (D:5)
  5 adders
  A worm (D:3)
  3 dart slugs
  6 leopard geckos
  8 orcs
  A ball python (D:5)
  5 bats
  2 giant cockroaches
  2 goblins (D:3)
  5 hobgoblins
  8 jackals
  4 quokkas
  2 frilled lizards
  A jackal skeleton (D:3)
  10 kobolds
  7 rats
85 creatures vanquished.

Notes
Turn   | Place    | Note
-------+----------+-------------------------------------------
     0 | D:1      | Duffy the Naga Gladiator began the quest for the Orb.
     0 | D:1      | Reached XP level 1. HP: 19/19 MP: 1/1
     9 | D:1      | Noticed an electric eel
   472 | D:1      | Reached XP level 2. HP: 26/26 MP: 2/2
  1098 | D:2      | Noticed Sigmund
  1117 | D:3      | HP: 1/26 [leopard gecko (4)]
  1404 | D:3      | HP: 1/26 [goblin/+0 club (5)]
  1405 | D:3      | Reached XP level 3. HP: 1/32 MP: 3/3
  1436 | D:3      | Reached skill level 4 in Axes
  1747 | D:2      | Killed Sigmund
  1747 | D:2      | Reached XP level 4. HP: 42/42 MP: 4/4
  1747 | D:2      | Reached XP level 5. HP: 49/49 MP: 5/5
  1907 | D:2      | Noticed Terence
  1918 | D:2      | Killed Terence
  1976 | D:2      | Found a faded altar of an unknown god.
  1981 | D:2      | Reached XP level 6. HP: 55/56 MP: 6/6
  2062 | D:2      | Found a shimmering altar of Xom.
  2073 | D:2      | Found a shimmering altar of Xom.
  2075 | D:2      | Found a shimmering altar of Xom.
  2075 | D:2      | Found a shimmering altar of Xom.
  2075 | D:2      | Found a shimmering altar of Xom.
  2076 | D:2      | Found a shimmering altar of Xom.
  2714 | D:3      | Reached skill level 5 in Axes
  3266 | D:5      | Entered Level 5 of the Dungeon
  3506 | D:5      | Noticed a phantom
  3561 | D:5      | Killed a phantom
  3561 | D:5      | Reached XP level 7. HP: 11/64 MP: 7/7
  3568 | D:5      | Found an opulent altar of Gozag.
  4414 | D:6      | Reached skill level 6 in Axes
  4566 | D:6      | Reached skill level 5 in Fighting
  4799 | D:6      | Reached XP level 8. HP: 61/74 MP: 8/8
  5071 | D:7      | Found a shattered altar of Ashenzari.
  5221 | D:7      | Found a staircase to the Ecumenical Temple.
  5229 | Temple   | Entered the Ecumenical Temple
  5289 | Temple   | Quit the game

Levels and vault maps discovered:
D:1:      arrival_aquarium_a, layout_loops_ring
D:2:      layout_loops_ring, xom_redecorated, chequers_ecumenical_altar_simple,
          uniq_terence, uniq_sigmund
D:3:      layout_loops_corners, first_ration
D:4:      layout_basic, evilmike_ruin_ashenzari
D:5:      layout_loops_ring, nicolae_gozag_cash_rules_everything_around_me
D:6:      layout_rooms
D:7:      minmay_bubble_buster, layout_loops_corners, tgw_fedhas,
          grunt_temple_overflow_open, minmay_temple_entry_mini_moons,
          basic_altar, minmay_fountain_box
Temple:   nicolae_temple_great_sept

Skill      XL: |  1  2  3  4  5  6  7 |
---------------+----------------------+-----
Axes           | 4 5 6 |  6.4
Fighting       | 3 4 5 |  5.3
Dodging        | 3 4 |  4.8
Throwing       | |  1.7

Action                   |  1- 3 |  4- 6 |  7- 9 || total
-------------------------+-------+-------+-------++-------
Melee: War axe           |    70 |    19 |       ||    89
       Hand axe          |       |   122 |   122 ||   244
 Abil: Spit Poison       |    11 |     3 |       ||    14
  Use: Scroll            |       |     2 |       ||     2
 Stab: Sleeping          |     1 |       |       ||     1
  Eat: Chunk             |     2 |     5 |     3 ||    10
Armor: Leather armour    |    17 |     7 |       ||    24
       Ring mail         |       |    66 |    69 ||   135
Dodge: Dodged            |    46 |    95 |    72 ||   213

Table legend:
 A = Non-vault XP
 B = Vault XP
 C = Vault XP percentage of total XP
 D = Non-vault monster count
 E = Vault monster count
 F = Vault count percentage of total count
                 A         B        C        D         E       F
            +---------+---------+-------+---------+---------+-------
      Total |    1132 |     259 |  18.6 |      83 |       2 |   2.4
            +---------+---------+-------+---------+---------+-------
        D:1 |      24 |       0 |   0.0 |      14 |       0 |   0.0
        D:2 |      33 |     259 |  88.7 |      12 |       2 |  14.3
        D:3 |      79 |       0 |   0.0 |      30 |       0 |   0.0
        D:4 |       3 |       0 |   0.0 |       1 |       0 |   0.0
        D:5 |     318 |       0 |   0.0 |       8 |       0 |   0.0
        D:6 |     633 |       0 |   0.0 |      16 |       0 |   0.0
        D:7 |      42 |       0 |   0.0 |       2 |       0 |   0.0
            +---------+---------+-------+---------+---------+-------
